Map: Thunderbird LE

Players

Neeb

  • Race: Protoss Protoss
  • Spawn Location: 5:00

Cham - Winner!

  • Race: Zerg Zerg
  • Spawn Location: 11:00

Event: 2019 WCS Summer

VOD

Have the link to the VOD?

Description

Time

  • Played on: July 13, 2019, 10:32 a.m.
  • Length: 3:56

All games in this series

Show
View Real Time Build Order
Export as new Build Order

Neeb Protoss 

Build Orders: 1 Gate Expand 

Get SALT Encoding   

  12  0:00  Probe  
  13  0:12  Probe  
  14  0:17  Pylon  
  14  0:25  Probe  
  15  0:31  Assimilator  
  15  0:35  Probe  
  16  0:43  Probe  
  16  0:47  Gateway  
  17  0:52  Probe  
  18  1:04  Probe  
  19  1:16  Probe  
  20  1:23  Nexus  
  20  1:33  Cybernetics Core  
  20  1:36  Probe  
  21  1:42  Assimilator  
  21  1:48  Probe  
  21  1:50  Pylon  
  22  1:56  Probe  
  22  1:59  Stalker  
  23  2:04  Probe  
  24  2:10  Warp Gate  
  24  2:14  Probe  
  26  2:21  Twilight Council  
  27  2:26  Probe  
  28  2:35  Probe  
  31  2:38  Probe  
  31  2:41  Robotics Facility  
  31  2:42  Adept  
  30  2:47  Probe  
  33  3:06  Pylon  
  33  3:07  Stalker, Gateway  
  29  3:36  Gateway  
  31  3:44  Pylon  
  31  3:45  Pylon  
Show
View Real Time Build Order
Export as new Build Order

Cham Zerg - Winner!

Build Orders: Hatch First 

Get SALT Encoding   

  12  0:01  Drone  
  13  0:08  Drone  
  14  0:18  Overlord  
  14  0:37  Drone x2  
  16  0:48  Hatchery  
  15  0:51  Drone  
  15  0:55  Drone  
  17  0:59  Drone  
  18  1:09  Extractor  
  17  1:13  Spawning Pool  
  17  1:17  Drone  
  17  1:21  Drone  
  18  1:31  Drone  
  19  1:43  Drone  
  20  1:54  Overlord  
  20  2:00  Queen x2  
  24  2:02  Zergling x2  
  24  2:03  Zergling x2  
  26  2:09  Metabolic Boost  
  26  2:12  Zergling x2  
  27  2:18  Zergling x2  
  28  2:25  Zergling x4  
  30  2:35  Zergling x4  
  32  2:42  Overlord  
  31  2:59  Hatchery  
  31  3:01  Zergling x6  
  31  3:05  Zergling x2  
  34  3:07  Zergling x2  
  34  3:16  Zergling x2  
  33  3:28  Zergling x2  
  33  3:31  Zergling x4  
Tags
 
Add a new tag
Caveats
  • Supply blocks, unpowered buildings, or Contaminate may cause inaccurate times.
  • Supply counts are checked every 10 seconds.